 Dungeon Crawl Stone Soup version 0.20-a0-1040-gfd09691 (webtiles) character file.

307 Gorglomux the Cudgeler (level 6, -4/49 HPs)
             Began as a Formicid Warper on Apr 23, 2017.
             Was an Initiate of Cheibriados.
             Slain by a wight
             ... wielding a +0 great sword
              (17 damage)
             ... on level 6 of the Dungeon.
             The game lasted 00:07:39 (4018 turns).

Gorglomux the Cudgeler (Formicid Warper)            Turns: 4018, Time: 00:07:39

Health: -4/49      AC:  3    Str: 22    XL:     6   Next: 68%
Magic:  18/18      EV: 16    Int: 15    God:    Cheibriados [......]
Gold:   237        SH:  0    Dex: 16    Spells: 7/9 levels left

rFire    . . .     SeeInvis +   a - +0 mace
rCold    . . .     Gourm    .   (no shield)
rNeg     . . .     Faith    .   b - +0 leather armour
rPois    .         Spirit   .   (helmet unavailable)
rElec    .         Reflect  .   (no cloak)
rCorr    .         Harm     .   (no gloves)
MR       .....                  (no boots)
Stlth    ++........             (no amulet)
Regen    0.2/turn               o - ring of magical power {MP+9}
MPRegen  0.2/turn               (no ring)

@: mighty, agile, drained, very slow
A: permanent stasis, dig shafts and tunnels, four strong arms, antennae 3
a: Dig, Shaft Self, Bend Time, Renounce Religion


You were on level 6 of the Dungeon.
You worshipped Cheibriados.
Cheibriados was noncommittal.
You were hungry.

You visited 2 branches of the dungeon, and saw 5 of its levels.

You collected 237 gold pieces.

Inventory:

Hand Weapons
 a - a +0 mace (weapon)
Missiles
 e - 5 tomahawks of dispersal {=f}
Armour
 b - a +0 leather armour (worn)
Jewellery
 o - a ring of magical power (left hand) {MP+9}
   (You found it on level 1 of the Dungeon)
 v - an uncursed ring of ice {rC+, rF-}
   (You found it on level 6 of the Dungeon)
Scrolls
 d - a scroll of blinking {!r}
 g - 2 scrolls of fog {unknown}
 i - a scroll of enchant weapon {unknown}
 j - 2 scrolls of amnesia {unknown}
 k - 5 scrolls of identify {unknown}
 q - a scroll of fear {unknown}
 s - a scroll of noise {unknown}
 t - a scroll of teleportation {unknown}
 u - a scroll of magic mapping {unknown}
 y - a scroll of enchant armour {unknown}
Potions
 h - a potion of brilliance
 w - a potion of curing
Books
 c - a book of Spatial Translocations
 x - a book of Misfortune
   (You found it on level 6 of the Dungeon)
Comestibles
 f - 2 bread rations {@e1@e1}
 l - a meat ration {@e2@e2}
 p - a fruit


   Skills:
 + Level 4.4(3.5) Fighting
 * Level 5.5(4.6) Maces & Flails
 - Level 1.0(0.2) Throwing
 - Level 1.1(0.3) Armour
 - Level 1.7(0.9) Dodging
 - Level 2.1(1.3) Spellcasting
 - Level 2.6(1.8) Translocations


You had 7 spell levels left.
You knew the following spells:

 Your Spells              Type           Power        Failure   Level  Hunger
a - Shroud of Golubria    Chrm/Tloc      #.........   28%         2    ###....


Dungeon Overview and Level Annotations

Branches:
Dungeon (6/15)             Temple (1/1) D:6

Altars:
Ashenzari
Cheibriados
Elyvilon
Fedhas
Gozag
Hepliaklqana
Makhleb
Nemelex Xobeh
Qazlal
Ru
Wu Jian
Xom
Zin
The Shining One

Annotations:
D:3 StylePro's ghost, amateur OpCj


Innate Abilities, Weirdness & Mutations

You cannot be hasted, slowed, berserked, paralysed or teleported.
You can dig through walls and to a lower floor.
Your four strong arms can wield two-handed weapons with a shield.
You have a pair of large antennae on your head. (SInv)


Message History

You open the door.
There is an open door here.
You open the door.
Some of the chunks of flesh in your inventory have rotted away.
There is an open door here.
You sense a monster nearby.
An orc comes into view.
The orc shouts!
An orc is nearby!
The orc hits you but does no damage.
You hit the orc. The orc misses you.
You barely miss the orc. The orc hits you.
You take 1 damage, and have 47/48 hp.
You hit the orc.
You kill the orc!
Cheibriados thoroughly appreciates the change of pace.
Health restored: 48 No target in view!
Things that are here:
a leather armour; an orc corpse You butcher the orc corpse.
r - 6 chunks of flesh {@w0@w0} (gained 3)
Things that are here:
a leather armour; an orc skeleton
g - 2 scrolls labeled XAKHUCIRYV (gained 1) Some of the chunks of flesh in your inventory have rotted away.
Things that are here:
a leather armour; an orc skeleton
Found a stone staircase leading down.
You open the door.
There is an open door here.
You open the door.
There is an open door here.
An ooze comes into view.
An ooze is nearby!
An ooze is nearby!
The ooze quivers.
Found a leatherbound book.
Found a stone staircase leading down.
You hit the ooze. The ooze hits you. The ooze barely misses you.
You take 1 damage, and have 47/48 hp.
You hit the ooze but do no damage. The ooze hits you.
You take 1 damage, and have 46/48 hp.
You hit the ooze. The ooze hits you.
You take 2 damage, and have 44/48 hp.
You hit the ooze but do no damage. The ooze barely misses you.
You hit the ooze. The ooze hits you.
You take 2 damage, and have 42/48 hp.
You hit the ooze.
You kill the ooze!
Cheibriados thoroughly appreciates the change of pace.
No target in view!
No target in view!
No target in view!
No target in view!
x - a book of Misfortune You now have 237 gold pieces (gained 9).
y - a scroll labeled BOGUFR TEIHE Health restored: 48
Found a stone staircase leading up.
There is a stone staircase leading up here. 2 wights come into view.
There are monsters nearby!
You are feeling hungry.
You feel agile all of a sudden.
You barely miss the wight. The wight completely misses you.
All of the chunks of flesh in your inventory have rotted away.
You sock the wight! The wight closely misses you.
You closely miss the wight. The wight hits you with a scimitar!
You take 7 damage, and have 41/48 hp.
You barely miss the wight. The wight closely misses you.
You closely miss the wight. The wight misses you.
Unknown command.
You barely miss the wight. The wight closely misses you.
You hit the wight. The wight barely misses you.
Unknown command.
You closely miss the wight. The wight hits you with a scimitar!
You feel drained.
You take 7 damage, and have 34/48 hp.
You hit the wight.
You destroy the wight!
Cheibriados appreciates the change of pace.
You hit the wight but do no damage. The wight hits you with a great sword!
You take 9 damage, and have 25/49 hp.
Unknown command.
You are too injured to fight recklessly!
You are too injured to fight recklessly!
You are too injured to fight recklessly!
Unknown command.
You barely miss the wight. The wight misses you.
You hit the wight. The wight hits you with a great sword!
* * * LOW HITPOINT WARNING * * *
You feel drained.
You take 13 damage, and have 12/49 hp.
MASSIVE DAMAGE!!
It was a potion of might.
You feel very mighty all of a sudden. The wight closely misses you.
You closely miss the wight. You closely miss the wight.
The wight hits you with a great sword!
You die...

###'## #.# #...#.# ##...##
#.# ###.#.# #.....##
#.#####.#.#
.......###.##.##[#.#
........##.).......#######...
........'..........zz........
........####...#.#########...
.......## ##.##z# #.....##
####@# ##...## #.# ##'## #.#
#.# ##.# #.# #..# ##.## #.##
##...## #.# #.....# #.#
##...## #.#


You could see a wight.

Vanquished Creatures
  A wight (D:6)
  An orc wizard (D:3)
  A worker ant (D:6)
  A hound skeleton (D:6)
  A worker ant zombie (D:6)
  Robin (D:2)
  5 adders (D:2)
  3 oozes
  3 dart slugs
  A leopard gecko (D:2)
  9 orcs
  6 giant cockroaches
  18 goblins
  14 hobgoblins
  12 jackals
  7 bats
  8 frilled lizards
  10 kobolds
  5 rats
107 creatures vanquished.

Notes
Turn   | Place    | Note
-------+----------+-------------------------------------------
     0 | D:1      | Gorglomux the Formicid Warper began the quest for the Orb.
     0 | D:1      | Reached XP level 1. HP: 16/16 MP: 3/3
    36 | D:1      | Reached XP level 2. HP: 18/23 MP: 5/5
   369 | D:1      | Reached XP level 3. HP: 28/28 MP: 6/6
   393 | D:1      | Learned a level 2 spell: Shroud of Golubria
   629 | D:1      | Reached skill level 3 in Maces & Flails
   898 | D:1      | Reached skill level 3 in Fighting
  1237 | D:2      | Reached XP level 4. HP: 31/35 MP: 7/7
  1421 | D:2      | Found a faded altar of an unknown god.
  1708 | D:2      | Noticed Robin
  1743 | D:2      | Killed Robin
  1773 | D:2      | HP: 9/36 [hobgoblin/whip[Robin] (1)]
  1778 | D:2      | Reached XP level 5. HP: 8/41 MP: 8/8
  2028 | D:2      | Reached skill level 4 in Maces & Flails
  2654 | D:3      | Reached skill level 4 in Fighting
  2683 | D:3      | Noticed StylePro's ghost (amateur OpCj)
  2876 | D:3      | Found a glowing silver altar of Zin.
  3027 | D:3      | HP: 8/42 [orc wizard/dagger (5)]
  3041 | D:3      | Reached XP level 6. HP: 24/48 MP: 9/9
  3339 | D:3      | You fall through a shaft for 3 floors!
  3403 | D:6      | Reached skill level 5 in Maces & Flails
  3647 | D:6      | Found a staircase to the Ecumenical Temple.
  3654 | Temple   | Entered the Ecumenical Temple
  3746 | Temple   | Became a worshipper of Cheibriados the Contemplative
  4015 | D:6      | HP: 12/49 [wight/great sword (13)]
  4018 | D:6      | Slain by a wight

Vault maps used:
D:1:      roderic_chinese_lattice_arrival
D:2:      chequers_ecumenical_altar_island, minmay_tetromino_l4, uniq_robin
D:3:      kiku_gazebo_pond_becter, lemuel_tele_altar
D:6:      minmay_temple_entry_junction, okawaru_ov_weapons_minmay
Temple:   regret_index_temple_sphere_string

Skill      XL: |  1  2  3  4  5  6 |
---------------+-------------------+-----
Maces & Flails | 3 4 5 |  5.5
Fighting       | 3 4 |  4.4
Throwing       | |  1.0
Armour         | |  1.1
Dodging        | |  1.7
Spellcasting   | |  2.1
Translocations | |  2.6

Action                   |  1- 3 |  4- 6 || total
-------------------------+-------+-------++-------
Melee: Mace              |    94 |   294 ||   388
 Cast: Shroud of Golubri |     3 |    10 ||    13
 Abil: Dig               |       |     6 ||     6
       Shaft Self        |       |     1 ||     1
  Use: Potion            |       |     5 ||     5
 Stab: Distracted        |       |     1 ||     1
  Eat: Chunk             |     1 |    12 ||    13
Armor: Leather armour    |    30 |    85 ||   115
Dodge: Dodged            |    61 |   182 ||   243

Vault maps used:
D:1:      roderic_chinese_lattice_arrival
D:2:      chequers_ecumenical_altar_island, minmay_tetromino_l4, uniq_robin
D:3:      kiku_gazebo_pond_becter, lemuel_tele_altar
D:6:      minmay_temple_entry_junction, okawaru_ov_weapons_minmay
Temple:   regret_index_temple_sphere_string

Table legend:
 A = Turns spent in this place as a percentage of turns spent in the entire game.
 B = Non-inter-level travel turns spent in this place as a percentage of non-inter-level travel turns spent in the entire game.
 C = Inter-level travel turns spent in this place as a percentage of turns spent in this place.
 D = Turns resting spent in this place as a percentage of non-inter-level travel turns spent in this place.
 E = Turns spent auto-exploring this place as a percentage of non-inter-level travel turns spent in this place.
 F = Non-inter-level travel turns spent in this place divided by the number of levels of this place that you've seen.
                   A       B       C       D       E      F
               +-------+-------+-------+-------+-------+----------------------
         Total | 100.0 | 100.0 |   0.3 |   2.7 |   9.1 | 291.6
       Dungeon |  98.8 |  98.9 |   0.2 |   2.7 |   8.4 | 360.5
        Temple |   1.2 |   1.1 |   5.9 |   0.0 |  75.0 |  16.0
               +-------+-------+-------+-------+-------+----------------------

Table legend:
 A = Kills in this place as a percentage of kills in entire the game.
 B = Kills by you in this place as a percentage of kills by you in the entire game.
 C = Kills by friends in this place as a percentage of kills by friends in the entire game.
 D = Other kills in this place as a percentage of other kills in the entire game.
 E = Experience gained in this place as a percentage of experience gained in the entire game.
 F = Experience gained in this place divided by the number of levels of this place that you have seen.
                   A       B       C       D       E      F
               +-------+-------+-------+-------+-------+----------------------
         Total | 100.0 | 100.0 |  -nan |  -nan | 100.0 |  87.8
       Dungeon | 100.0 | 100.0 |  -nan |  -nan | 100.0 | 109.8
               +-------+-------+-------+-------+-------+----------------------
